 Dungeon Crawl Stone Soup version 0.29.1-12-g30fa7ad0bf (webtiles) character file.

Game seed: 15739587164413024384

16531 IcyTea the Basher (level 12, -3/133 HPs)
             Began as a Human Cinder Acolyte on Dec 31, 2022.
             Was an Elder of Ignis.
             Killed from afar by a deep elf zephyrmancer (26 damage)
             ... with a bolt of lightning
             ... on level 12 of the Dungeon.
             The game lasted 00:51:58 (13415 turns).

IcyTea the Basher (Human Cinder Acolyte)           Turns: 13415, Time: 00:51:59

Health: -3/133     AC: 14    Str: 25    XL:     12   Next: 71%
Magic:  16/18      EV: 12    Int: 15    God:    Ignis [****..]
Gold:   3          SH:  0    Dex:  9    Spells: 7/19 levels left

rFire   + . .      SeeInvis .   a - +6 flail (holy)
rCold   . . .      Faith    .   (no shield)
rNeg    . . .      Spirit   .   I - +0 troll leather armour
rPois   .          Reflect  .   H - +2 helmet
rElec   .          Harm     .   N - +2 cloak {Stlth+}
rCorr   .          Rampage  .   c - +0 pair of gloves
Will    .....                   m - +0 pair of boots
Stlth   ..........              J - amulet of the acrobat
HPRegen 1.12/turn               e - +4 ring of slaying
MPRegen 0.16/turn               o - +6 ring of strength

@: berserking, very quick
A: no striking features
a: Renounce Religion, Fiery Armour, Foxfire Swarm, Rising Flame


You were on level 12 of the Dungeon.
You worshipped Ignis.
Ignis was greatly pleased with you.
You visited 2 branches of the dungeon, and saw 13 of its levels.
You also visited: Sewer.

You collected 507 gold pieces.
You spent 504 gold pieces at shops.

Inventory:

Hand Weapons
 a - a +6 flail of holy wrath (weapon)
 q - a -1 mace of flaming
 Q - a +0 morningstar
 U - a +6 dire flail of freezing
Missiles
 s - 5 atropa-tipped darts
 E - a throwing net
 G - 3 javelins
Armour
 c - a +0 pair of gloves (worn)
 m - a +0 pair of boots (worn)
 C - a +1 plate armour of fire resistance
 D - an orb of energy
 H - a +2 helmet (worn)
 I - a +0 troll leather armour (worn)
 N - a +2 cloak of stealth (worn)
Magical Staves
 A - a staff of cold
Jewellery
 e - a +4 ring of slaying (left hand)
 k - a +6 ring of dexterity
 n - a ring of resist corrosion
 o - a +6 ring of strength (right hand)
 y - a ring of flight
 J - an amulet of the acrobat (around neck)
 P - a +6 ring of intelligence
Wands
 l - a wand of polymorph (5)
 L - a wand of paralysis (12)
 M - a wand of flame (1)
Scrolls
 d - 8 scrolls of teleportation
 h - a scroll of fear
 v - a scroll of amnesia
 w - 3 scrolls of magic mapping
 x - 3 scrolls of poison
 z - 3 scrolls of blinking
 S - 3 scrolls of vulnerability
 T - a scroll of torment
Potions
 g - 2 potions of attraction
 i - a potion of berserk rage
 p - 3 potions of mutation
 r - 4 potions of brilliance
 u - 6 potions of curing
 K - 2 potions of lignification {unknown}
 R - 2 potions of cancellation


   Skills:
 + Level 6.6 Fighting
 + Level 11.2 Maces & Flails
 - Level 7.3 Armour
 - Level 3.0 Dodging
 - Level 3.0 Stealth
 + Level 4.4 Spellcasting
 + Level 1.6 Conjurations
 + Level 4.6 Hexes
 - Level 8.0 Fire Magic
 + Level 7.8 Air Magic
 - Level 3.0 Evocations


You had 7 spell levels left.
You knew the following spells:

 Your Spells              Type           Power      Damage    Failure   Level
a - Scorch                Fire           54%        2d7       1%          2
b - Silence               Hex/Air        11%        N/A       38%         5
c - Lightning Bolt        Conj/Air       8%         1d21      58%         5

Your spell library contained the following spells:

 Spells                   Type           Power      Damage    Failure   Level
 Static Discharge         Conj/Air       17%        3-6/arc   4%          2
 Conjure Flame            Conj/Fire      17%        6-21      8%          3
 Dazzling Flash           Conj/Hex       24%        N/A       16%         3
 Ignite Poison            Fire/Tmut/Pois 11%        N/A       19%         3
 Portal Projectile        Hex/Tloc       20%        N/A       22%         3
 Sticky Flame             Conj/Fire      17%        2d4       26%         4
 Sublimation of Blood     Necr           3%         N/A       28%         2
 Wereblood                Tmut           3%         N/A       28%         2
 Stone Arrow              Conj/Erth      10%        3d7       38%         3
 Call Canine Familiar     Summ           3%         N/A       50%         3
 Gell's Gravitas          Tloc           3%         N/A       50%         3
 Lesser Beckoning         Tloc           3%         N/A       50%         3
 Teleport Other           Tloc           3%         N/A       50%         3
 Leda's Liquefaction      Hex/Erth       5%         N/A       58%         4
 Animate Armour           Summ/Erth      6%         N/A       88%         4
 Summon Ice Beast         Ice/Summ       3%         N/A       88%         4
 Summon Mana Viper        Hex/Summ       10%        N/A       91%         5
 Agony                    Necr           3%         N/A       99%         5
 Monstrous Menagerie      Summ           1%         N/A       100%        7
 Summon Hydra             Summ           1%         N/A       100%        7
 Lehudib's Crystal Spear  Conj/Erth      2%         10d2      100%        8
 Maxwell's Capacitive Co  Air            13%        ∞         100%        8


Dungeon Overview and Level Annotations

Branches:
Dungeon (12/15)            Temple (1/1) D:6            Lair (0/5) D:9
    Orc (0/2) D:10          Sewer (visited)

Altars:
Ashenzari
Cheibriados
Dithmenos
Elyvilon
Fedhas
Gozag
Hepliaklqana
Kikubaaqudgha
Makhleb
Nemelex Xobeh
Okawaru
Qazlal
Ru
Sif Muna
Trog
Uskayaw
Vehumet
Wu Jian
Xom
Yredelemnul
Zin
The Shining One

Shops:
D:4 :=

Annotations:
D:9 1 transporter


Message History

HP restored.
A raiju comes into view.
The raiju barks! x2; You hear a bark!
A deep elf zephyrmancer comes into view.
It is wielding a +0 dagger.
You hear a bark!
The deep elf zephyrmancer shouts!
The deep elf zephyrmancer points at you and mumbles some strange words.
The bolt of lightning misses you.
You hear a bark!
A sixfirhy comes into view. x2
The sixfirhy moves out of view.
The sixfirhy completely misses you. The sixfirhy misses you.
The sixfirhy hits you. The sixfirhy shocks you!
Casting: Scorch (safe; 1% risk of failure)
Press: ? - help, Q - select action, (/) - cycle Dir - look around, f - activate Flames lash the sixfirhy.
The sixfirhy is moderately wounded.
The sixfirhy's fire resistance burns away.
The sixfirhy hits you. The sixfirhy shocks you! The sixfirhy barely misses you.
The sixfirhy closely misses you.
You completely miss the sixfirhy.
The sixfirhy is lightly wounded.
The sixfirhy barely misses you. The sixfirhy hits you. The sixfirhy shocks you!
The sixfirhy hits you. The sixfirhy shocks you!
The deep elf zephyrmancer gestures at you while chanting.
The bolt of lightning hits the sixfirhy.
The sixfirhy completely resists.
The bolt of lightning hits you!
The sixfirhy hits you but does no damage.
You thump the sixfirhy!
The sixfirhy convulses.
The sixfirhy is heavily wounded.
The sixfirhy hits you.
* * * LOW HITPOINT WARNING * * *
The sixfirhy shocks you!
* * * LOW HITPOINT WARNING * * *
A red film seems to cover your vision as you go berserk!
You feel yourself moving faster!
You feel mighty!
The deep elf zephyrmancer gestures at you while chanting.
The bolt of lightning hits the sixfirhy.
The sixfirhy completely resists.
The bolt of lightning hits you!!
You die...

##...............#.##
##..<.....##........########
#<.........................#
...#........................#
...........###..........>...#
.##...#.#...................#
# #.#.......)##.............#
....#..#### ##.###.........
......... #.@# #........# .##
. ###3###..........
###3e.###...#....
##..#..######### ##.......##
##...###...## ##.... e...##
#...#. h#...# ...#.#. .#.#...


You could see a deep elf zephyrmancer and 2 sixfirhies.

Vanquished Creatures
  Erolcha (D:9)
  A boulder beetle (D:11)
  4 two-headed ogres
  A sixfirhy (D:12)
  A manticore (D:12)
  2 ugly things
  A gargoyle (D:11)
  A komodo dragon (D:12)
  5 trolls
  Grinder (D:6)
  3 shadows (D:10)
  2 wyverns
  2 wraiths
  15 yaks
  A steam dragon (D:5)
  5 vampire mosquitoes
  Edmund (D:4)
  3 acid dragons
  2 two-headed ogre zombies (D:10)
  2 water moccasins
  2 orc warriors
  2 ogres
  9 centaurs
  A phantom (D:5)
  3 kobold brigands
  8 bullfrogs
  3 necrophages
  A scorpion (D:6)
  8 wights (D:10)
  20 killer bees
  A howler monkey (D:11)
  4 crimson imps (D:5)
  A gnoll bouda (D:4)
  A jelly (D:5)
  Crazy Yiuf (D:6)
  3 orc priests
  5 hounds
  An iguana (D:4)
  7 orc wizards
  6 ogre zombies (D:10)
  8 gnolls
  13 adders
  2 shadow imps
  2 white imps
  2 worms
  2 dart slugs (D:2)
  24 orcs
  11 endoplasms
  12 giant cockroaches
  10 goblins
  6 hobgoblins
  5 jackals
  14 quokkas
  13 ball pythons
  8 bats
  11 frilled lizards
  2 goblin zombies (D:10)
  A hobgoblin skeleton (D:10)
  2 hobgoblin zombies (D:10)
  20 kobolds
  3 orc skeletons (D:10)
  17 orc zombies (D:10)
  3 rats (D:1)
332 creatures vanquished.

Vanquished Creatures (others)
  A hydra (D:9)
  A yak (D:9)
  A sky beast (D:6)
  35 foxfires
  4 fungi
  A plant (D:9)
43 creatures vanquished.

Grand Total: 375 creatures vanquished

Notes
Turn   | Place    | Note
-------+----------+-------------------------------------------
     0 | D:1      | IcyTea the Human Cinder Acolyte began the quest for the
                  | Orb.
     0 | D:1      | Reached XP level 1. HP: 18/18 MP: 2/2
   318 | D:1      | Reached XP level 2. HP: 20/24 MP: 3/3
   324 | D:1      | Learned a level 2 spell: Scorch
   656 | D:1      | Found a faded altar of an unknown god.
   966 | D:2      | Reached XP level 3. HP: 29/29 MP: 4/4
  1067 | D:2      | Reached skill level 4 in Maces & Flails
  1294 | D:2      | Reached XP level 4. HP: 35/35 MP: 5/5
  1361 | D:2      | Reached skill level 1 in Armour
  1489 | D:3      | Reached XP level 5. HP: 30/41 MP: 0/6
  1564 | D:3      | Found a glowing drain.
  1601 | Sewer    | Entered a sewer
  2223 | Sewer    | Noticed a bullfrog
  2231 | Sewer    | Noticed a bullfrog
  2239 | Sewer    | Killed a bullfrog
  2240 | Sewer    | Reached XP level 6. HP: 46/47 MP: 1/7
  2245 | Sewer    | Reached skill level 5 in Maces & Flails
  2772 | D:4      | Noticed an ogre
  3141 | D:4      | Found Xeniuhuu's Book Boutique.
  3164 | D:4      | Learned a level 5 spell: Silence
  3194 | D:4      | Reached XP level 7. HP: 52/52 MP: 8/8
  3198 | D:4      | Found Rumis's Jewellery Boutique.
  3312 | D:4      | Reached skill level 5 in Fire Magic
  3413 | D:4      | Found a broken altar of Ashenzari.
  3525 | D:5      | Entered Level 5 of the Dungeon
  3698 | D:5      | Noticed Edmund
  3698 | D:5      | Noticed a steam dragon
  3900 | D:4      | Reached XP level 8. HP: 49/58 MP: 9/9
  3955 | D:5      | Reached skill level 6 in Maces & Flails
  4112 | D:5      | Found a shimmering altar of Xom.
  4429 | D:4      | Killed Edmund
  4532 | D:5      | Reached skill level 5 in Armour
  4582 | D:5      | Reached skill level 1 in Hexes
  4586 | D:5      | Reached skill level 1 in Air Magic
  4827 | D:5      | Found an ancient bone altar of Kikubaaqudgha.
  4942 | D:6      | Reached XP level 9. HP: 63/63 MP: 12/12
  5058 | D:6      | Found a shadowy altar of Dithmenos.
  5082 | D:6      | Noticed Grinder
  5089 | D:6      | Killed Grinder
  5090 | D:6      | Reached skill level 7 in Maces & Flails
  5277 | D:6      | Found a runed translucent door.
  5278 | D:6      | Noticed Crazy Yiuf
  5306 | D:6      | Killed Crazy Yiuf
  5519 | D:6      | Found a glowing silver altar of Zin.
  5712 | D:6      | Found a staircase to the Ecumenical Temple.
  5721 | Temple   | Entered the Ecumenical Temple
  6711 | D:7      | Noticed a two-headed ogre
  7001 | D:7      | Reached skill level 8 in Maces & Flails
  7186 | D:8      | Found a burning altar of Makhleb.
  7209 | D:8      | Reached XP level 10. HP: 61/70 MP: 14/14
  7212 | D:8      | Reached skill level 5 in Air Magic
  8291 | D:8      | Found an iron altar of Okawaru.
  8825 | D:9      | Found a transporter.
  8827 | D:9      | Noticed an efreet
  8828 | D:9      | Noticed a cyclops
  8830 | D:9      | Noticed a two-headed ogre
  8831 | D:9      | Noticed a centaur warrior
  8837 | D:9      | Noticed a four-headed hydra
  9615 | D:9      | Found a bloodstained altar of Trog.
  9636 | D:9      | Reached skill level 9 in Maces & Flails
 10134 | D:9      | Noticed a torpor snail
 10137 | D:9      | Noticed a centaur warrior
 10182 | D:9      | Noticed a two-headed ogre
 10211 | D:9      | Noticed a wolf spider
 10397 | D:9      | Noticed a two-headed ogre
 10417 | D:9      | Noticed a water nymph
 10439 | D:9      | Killed a two-headed ogre
 10440 | D:9      | Reached XP level 11. HP: 51/75 MP: 14/17
 10575 | D:9      | Noticed Erolcha
 10585 | D:9      | Killed Erolcha
 10586 | D:9      | Reached skill level 10 in Maces & Flails
 10749 | D:9      | Found a staircase to the Lair.
 10800 | D:9      | Killed a two-headed ogre
 10801 | D:9      | Reached skill level 5 in Fighting
 10912 | D:10     | Entered Level 10 of the Dungeon
 11588 | D:10     | Found a staircase to the Orcish Mines.
 11599 | D:10     | Reached skill level 1 in Dodging
 11599 | D:10     | Reached skill level 1 in Stealth
 11611 | D:10     | Reached skill level 1 in Evocations
 11900 | D:10     | Reached XP level 12. HP: 75/87 MP: 18/18
 11902 | D:10     | Noticed a two-headed ogre
 11910 | D:10     | Killed a two-headed ogre
 12177 | D:11     | Noticed a two-headed ogre
 12331 | D:11     | Killed a two-headed ogre
 12442 | D:11     | Reached skill level 11 in Maces & Flails
 12644 | D:11     | Noticed a boulder beetle
 12666 | D:11     | Killed a boulder beetle
 13019 | D:9      | Killed a four-headed hydra
 13114 | D:4      | Bought a book of Lightning for 504 gold pieces
 13120 | D:4      | Learned a level 5 spell: Lightning Bolt
 13150 | D:5      | Reached skill level 1 in Conjurations
 13369 | D:12     | Noticed a sixfirhy
 13376 | D:12     | Killed a sixfirhy
 13408 | D:12     | Noticed a sixfirhy
 13408 | D:12     | Noticed a sixfirhy
 13415 | D:12     | Killed from afar by a deep elf zephyrmancer

Illustrated notes

Levels and vault maps discovered:
D:1:      saegor_arrival_simple_d, layout_basic, chequers_ecumenical_altar_lobes
D:2:      layout_basic
D:3:      layout_rooms, portal_sewer_entry_f
D:4:      layout_basic, mainiacjoe_overflow_24_doors, serial_shops,
          nicolae_diamond_shop, shop, minivault_27
D:5:      layout_cave_pools, led_xom_imps, lemuel_doored_altar, uniq_edmund
D:6:      layout_rooms, mainiacjoe_overflow_alcove_1,
          mainiacjoe_overflow_surrounded_room, minmay_temple_entry_nine_rooms,
          uniq_crazy_yiuf_cottage, uniq_grinder
D:7:      layout_basic, serial_glass, glass_columns_b, glass_columns_c
D:8:      layout_basic, okawaru_trees_2, mainiacjoe_overflow_chevrons,
          kennysheep_minor_cross, chequers_serial_rivers_micro_d
D:9:      gammafunk_the_bubble [the_bubble_gammafunk_plus_minus], layout_basic,
          nicolae_overflow_crystal_walls, dpeg_oklobed_lair, minivault_23,
          uniq_erolcha
D:10:     layout_basic, zombieorc2_lemuel
D:11:     layout_rooms, small_statue_alley_a
D:12:     minmay_shoctagon, layout_rooms, enter_trove_0
Temple:   nicolae_temple_ecumenical_triangle

Skill      XL: |  1  2  3  4  5  6  7  8  9 10 11 12 |
---------------+-------------------------------------+-----
Maces & Flails | 4 5 6 8 9 10 11 | 11.2
Armour         | 1 2 3 4 5 6 7 |  7.3
Fire Magic     | 4 5 6 7 8 |  8.0
Hexes          | 1 3 4 |  4.6
Air Magic      | 1 4 5 7 |  7.8
Spellcasting   | 2 3 4 |  4.4
Fighting       | 5 6 |  6.6
Dodging        | 1 3 |  3.0
Stealth        | 1 3 |  3.0
Evocations     | 1 3 |  3.0
Conjurations   | 1 |  1.6

Action                   |  1- 3 |  4- 6 |  7- 9 | 10-12 || total
-------------------------+-------+-------+-------+-------++-------
Melee: Mace              |    65 |   122 |       |       ||   187
       Flail             |       |     5 |   178 |   316 ||   499
       Punch             |       |       |     2 |     1 ||     3
       Dire flail        |       |       |       |    70 ||    70
 Cast: Scorch            |       |    35 |    79 |   106 ||   220
Invok: Foxfire Swarm     |       |       |     1 |     1 ||     2
       Fiery Armour      |       |       |       |     2 ||     2
  Use: Scroll            |     4 |     4 |     6 |    10 ||    24
       Potion            |       |       |     1 |     6 ||     7
 Stab: Sleeping          |       |       |       |     2 ||     2
Armor: Robe              |     7 |       |       |       ||     7
       Leather armour    |    12 |       |       |       ||    12
       Ring mail         |    15 |    71 |    49 |       ||   135
       Steam dragon scal |       |       |    53 |     1 ||    54
       Plate armour      |       |       |       |   156 ||   156
       Troll leather arm |       |       |       |    82 ||    82
Dodge: Dodged            |    39 |    76 |   159 |   281 ||   555
